 Dungeon Crawl Stone Soup version 0.30-a0-313-gae38170b09 (webtiles) character file.

Game seed: 15582428480581000734

3901 retardedninja the Cleaver (level 10, -3/132 HPs)
             Began as a Hill Orc Fighter on Oct 26, 2022.
             Was a Believer of Beogh.
             Slain by a two-headed ogre
             ... wielding a +3 halberd
              (8 damage)
             ... in a bailey.
             The game lasted 00:11:57 (5647 turns).

retardedninja the Cleaver (Hill Orc Fighter)        Turns: 5647, Time: 00:11:57

Health: -3/132     AC: 17    Str: 24    XL:     10   Next: 20%
Magic:  10/10      EV:  7    Int:  8    God:    Beogh [**....]
Gold:   453        SH:  6    Dex: 16    Spells: 9/9 levels left

rFire   + . .      SeeInvis .    a - +0 war axe
rCold   + . .      Faith    .    c - +0 buckler
rNeg    . . .      Spirit   .    r - +0 plate armour
rPois   +          Reflect  .    k - +0 helmet
rElec   +          Harm     .    i - +0 cloak
rCorr   +          Rampage  .    q - +0 pair of gloves
Will    .....                    (no boots)
Stlth   ..........               h - amulet of regeneration
HPRegen 1.22/turn                e - +6 ring of dexterity
MPRegen 0.12/turn                (no ring)

@: berserking, resistant, attractive, very quick
A: no striking features
a: Renounce Religion, Smiting


You were in a bailey.
You worshipped Beogh.
Beogh was pleased with you.
You visited 1 branch of the dungeon, and saw 7 of its levels.
You also visited: Ossuary and Bailey.

You collected 453 gold pieces.

Inventory:

Hand Weapons
 a - a +0 war axe (weapon)
Armour
 c - a +0 buckler (worn)
 i - a +0 cloak (worn)
 k - a +0 helmet (worn)
 q - a +0 pair of gloves (worn)
 r - a +0 plate armour (worn)
Jewellery
 e - a +6 ring of dexterity (left hand)
 h - an amulet of regeneration (around neck)
 A - a ring of positive energy
Scrolls
 d - a scroll of silence {unknown}
 j - 2 scrolls of poison {unknown}
 n - 2 scrolls of amnesia
 o - a scroll of enchant weapon {unknown}
 p - 3 scrolls of magic mapping {unknown}
 t - 2 scrolls of fear {unknown}
 v - a scroll of torment {unknown}
 y - 2 scrolls of identify
 B - a scroll of vulnerability {unknown}
Potions
 b - 2 potions of lignification {unknown}
 f - 2 potions of brilliance
 g - 3 potions of cancellation
 l - 6 potions of curing
 m - 2 potions of attraction
 s - a potion of resistance
 u - a potion of flight {unknown}
 w - a potion of heal wounds
 x - a potion of berserk rage
 z - 2 potions of haste {unknown}
 C - a potion of invisibility {unknown}


   Skills:
 + Level 7.9 Fighting
 + Level 13.3 Axes
 + Level 8.1 Armour
 + Level 1.5 Dodging
 + Level 0.4 Stealth
 + Level 5.8 Shields


You had 9 spell levels left.
You didn't know any spells.
Your spell library contained the following spells:

 Spells                   Type           Power      Damage    Failure   Level
 Yara's Violent Unravell  Hex/Tmut       0%         3d3       100%        5
 Enfeeble                 Hex            0%         N/A       100%        7


Dungeon Overview and Level Annotations

Branches:
Dungeon (7/15)             Temple (0/1) D:7         Ossuary (visited)
 Bailey (1/1)

Altars:
Ashenzari
Cheibriados
Sif Muna
Trog
Yredelemnul
Beogh

Shops:
D:2 ?   D:7 (


Message History

The ogre hits you from afar with a +0 halberd!
The spriggan splashes around in the water.
The ogre hits you with a +0 halberd!
* * * LOW HITPOINT WARNING * * *
The two-headed ogre hits you from afar with a +3 halberd!
* * * LOW HITPOINT WARNING * * *
You block the two-headed ogre's attack.
You slash the ogre!
You kill the ogre!
Beogh accepts your kill.
You miss the spriggan. The spriggan closely misses you.
The ogre is attracted toward you.
Unknown command.
You are too injured to fight recklessly!
You completely miss the ogre. You hit the spriggan.
You block the ogre's attack.
The two-headed ogre hits you from afar with a +3 halberd!
* * * LOW HITPOINT WARNING * * *
You block the two-headed ogre's attack. The spriggan hits you with a +0 spear.
* * * LOW HITPOINT WARNING * * *
Unknown command.
You are too injured to fight recklessly!
Unknown command.
You are too injured to fight recklessly!
You barely miss the ogre. You hit the spriggan. You slash the ogre!
The ogre is heavily wounded.
You miss the spriggan. The ogre hits you with a +0 halberd!
* * * LOW HITPOINT WARNING * * *
The spriggan hits you with a +0 spear.
* * * LOW HITPOINT WARNING * * *
You slash the ogre!
The ogre is almost dead.
You slash the spriggan!
You kill the spriggan!
Beogh accepts your kill.
You hear a splash.
The two-headed ogre closely misses you.
The two-headed ogre hits you from afar with a +0 halberd!
You die...

♣..# #..# . ♣).#
i. #..# O
..♣♣♣♣♣ #♣..#
#.. .... ##..##
#..##♣#O♣###..##
#...§~)~....##
#..)O@)...##
##...)...##
#########


You could see a two-headed ogre and an ogre.

Vanquished Creatures
  Joseph (D:7)
  Prince Ribbit (D:6)
  Sigmund (D:4)
  4 spriggans (Bailey)
  2 steam dragons
  2 water moccasins
  An ice beast (D:7)
  Duvessa (D:5)
  2 black bears (D:5)
  6 ogres
  A centaur (D:5)
  The ghost of idiolect the Grave Robber, an amateur DsNe of Makhleb (D:3)
  Blork the orc (D:4)
  A bullfrog (D:7)
  A scorpion (D:5)
  Dowan (D:5)
  2 centaur zombies (Ossuary)
  3 orc priests
  2 gnoll boudas (D:6)
  Crazy Yiuf (D:4)
  5 hounds
  3 iguanas
  Natasha (thrice) (D:3)
  4 orc wizards
  5 mummies (Ossuary)
  5 adders
  7 gnolls (D:6)
  A white imp (D:5)
  3 ufetubi
  2 worms
  3 dart slugs
  15 orcs
  10 bats
  6 endoplasms
  5 giant cockroaches
  2 gnoll zombies (Ossuary)
  10 goblins
  8 hobgoblins
  6 jackals
  A quokka (D:3)
  2 ball pythons
  2 goblin zombies (Ossuary)
  7 kobolds
  2 orc zombies (Ossuary)
  7 rats
159 creatures vanquished.

Vanquished Creatures (others)
  A necrophage (D:7)
  2 plants
3 creatures vanquished.

Grand Total: 162 creatures vanquished

Notes
Turn   | Place    | Note
-------+----------+-------------------------------------------
     0 | D:1      | retardedninja the Hill Orc Fighter began the quest for the
                  | Orb.
     0 | D:1      | Reached XP level 1. HP: 19/19 MP: 1/1
   189 | D:1      | Reached XP level 2. HP: 27/27 MP: 2/2
   524 | D:1      | Reached skill level 3 in Axes
   566 | D:1      | Reached XP level 3. HP: 33/33 MP: 3/3
  1280 | D:2      | Found Yxtaep's Magic Scroll Shop.
  1291 | D:2      | Reached skill level 4 in Axes
  1291 | D:2      | Reached XP level 4. HP: 40/40 MP: 4/4
  1616 | D:3      | Found a runed translucent gate.
  1616 | D:3      | Found a runed translucent gate.
  1616 | D:3      | Found a runed translucent gate.
  1696 | D:3      | Noticed Natasha
  1705 | D:3      | Killed Natasha
  1776 | D:3      | Reached XP level 5. HP: 46/46 MP: 5/5
  1831 | D:3      | Found a faded altar of an unknown god.
  1837 | D:3      | Found a snail-covered altar of Cheibriados.
  1922 | D:3      | Found a faded altar of an unknown god.
  2128 | D:3      | Reached skill level 5 in Axes
  2162 | D:3      | Noticed Natasha
  2167 | D:3      | Killed Natasha
  2244 | D:3      | Noticed Natasha
  2265 | D:3      | Killed Natasha
  2509 | D:3      | Noticed idiolect's ghost (amateur DsNe)
  2510 | D:3      | Identified the +4 dagger of Kissing Certain Death {freeze,
                  | Drain rCorr Stlth+}
  2519 | D:3      | Found a roughly hewn altar of Beogh.
  2534 | D:3      | Killed idiolect's ghost
  2535 | D:3      | Reached XP level 6. HP: 34/53 MP: 6/6
  2543 | D:3      | Reached skill level 5 in Fighting
  2590 | D:3      | Became a worshipper of Beogh the Brigand
  2891 | D:4      | Identified the +8 hammer of the World {vorpal, rF+ Dex+2}
  2892 | D:4      | Found a runed translucent door.
  2893 | D:4      | Noticed Crazy Yiuf
  2900 | D:4      | Killed Crazy Yiuf
  2901 | D:4      | Reached skill level 6 in Axes
  2932 | D:4      | Reached skill level 5 in Armour
  2932 | D:4      | Reached XP level 7. HP: 35/61 MP: 7/7
  3048 | D:4      | Noticed Blork the orc
  3061 | D:4      | Killed Blork the orc
  3210 | D:4      | Noticed Sigmund
  3229 | D:4      | Killed Sigmund
  3230 | D:4      | Reached skill level 7 in Axes
  3511 | D:5      | Entered Level 5 of the Dungeon
  3526 | D:5      | Reached skill level 8 in Axes
  3526 | D:5      | Reached XP level 8. HP: 70/70 MP: 8/8
  3867 | D:5      | Found a sand-covered staircase.
  3878 | Ossuary  | Entered an ossuary
  3950 | Ossuary  | Reached skill level 9 in Axes
  4039 | Ossuary  | Reached * piety under Beogh
  4357 | D:5      | Reached skill level 10 in Axes
  4365 | D:5      | Noticed Dowan
  4366 | D:5      | Noticed Duvessa
  4372 | D:5      | Killed Duvessa
  4377 | D:5      | Killed Dowan
  4559 | D:5      | Found a shimmering blue altar of Sif Muna.
  4667 | D:6      | Reached XP level 9. HP: 65/78 MP: 9/9
  4780 | D:6      | Found a basalt altar of Yredelemnul.
  4823 | D:6      | Reached skill level 11 in Axes
  4876 | D:6      | Noticed Prince Ribbit
  4888 | D:6      | Reached skill level 1 in Dodging
  4896 | D:6      | Killed Prince Ribbit
  5068 | D:6      | Reached ** piety under Beogh
  5080 | D:6      | Reached skill level 5 in Shields
  5226 | D:7      | Noticed Joseph
  5240 | D:7      | Killed Joseph
  5241 | D:7      | Reached skill level 12 in Axes
  5294 | D:7      | Found a staircase to the Ecumenical Temple.
  5342 | D:7      | Found a broken altar of Ashenzari.
  5386 | D:7      | Found Noguenna's Hydra Hut.
  5387 | D:7      | Noticed a five-headed hydra
  5405 | D:7      | Found a bloodstained altar of Trog.
  5534 | D:7      | Found a flagged portal.
  5559 | Bailey   | Entered a bailey
  5627 | Bailey   | Reached XP level 10. HP: 65/88 MP: 10/10
  5633 | Bailey   | Reached skill level 13 in Axes
  5640 | Bailey   | Noticed a two-headed ogre
  5646 | Bailey   | HP: 4/132 [spriggan/+0 spear (4)]
  5647 | Bailey   | Slain by a two-headed ogre

Illustrated notes

Levels and vault maps discovered:
D:1:      sevenhm_arrival_forest_fort_small_3, layout_basic, minmay_door_square
D:2:      layout_rooms, serial_shops, nicolae_shop_behind_doors,
          kennysheep_decorative_pillar, serial_park_tiny_1, serial_bayou_pond_b,
          kennysheep_generic_room_2
D:3:      layout_basic, nicolae_overflow_ecumenical_swirl,
          ebering_ecumenical_altar_ruins, biasface_ghost_orc_armoury,
          uniq_natasha
D:4:      layout_basic, grunt_ministairs_13, amcnicky_mini_rare_corridor_liquid,
          uniq_sigmund, uniq_blork_the_orc, uniq_crazy_yiuf_cottage
D:5:      layout_loops_ring, kennysheep_orc_sif_temple,
          nicolae_ossuary_entry_monument, uniq_duvessa
D:6:      layout_rooms, mainiacjoe_overflow_chevrons, uniq_prince_ribbit1
D:7:      layout_gridville, nzn_wu_jian_council_hall, trog_three_pillars_becter,
          evilmike_ruin_ashenzari, temple_statues, enter_bailey_5,
          doesnt_shop_hydraphobe, uniq_joseph
Bailey:   bailey_polearm_enchanted_keep_hellmonk, bailey

Skill      XL: |  1  2  3  4  5  6  7  8  9 10 |
---------------+-------------------------------+-----
Axes           | 3 4 5 6 8 10 12 13 | 13.3
Fighting       | 4 5 6 7 |  7.9
Armour         | 4 5 6 7 8 |  8.1
Shields        | 4 5 |  5.8
Dodging        | 1 |  1.5
Stealth        | |  0.4

Action                   |  1- 3 |  4- 6 |  7- 9 | 10-12 || total
-------------------------+-------+-------+-------+-------++-------
Melee: War axe           |    77 |   124 |   343 |    14 ||   558
  Use: Potion            |     1 |     1 |       |     5 ||     7
       Scroll            |       |     4 |       |     1 ||     5
Armor: Scale mail        |    48 |    35 |       |       ||    83
       Plate armour      |       |    46 |   251 |    10 ||   307
Dodge: Dodged            |    58 |    55 |    81 |    12 ||   206
Block: Buckler           |    26 |    34 |    91 |    15 ||   166

Table legend: (Time is in decaauts)
 A = Elapsed time spent in this place.
 B = Non-inter-level travel time spent in this place.
 C = Inter-level travel time spent in this place.
 D = Time resting spent in this place.
 E = Time spent auto-exploring this place.
 F = Levels seen in this place.
 G = Mean time per level.
                   A        B        C        D        E       F      G
               +--------+--------+--------+--------+--------+-----+--------+
         Total |   5722 |   5480 |    242 |    122 |   4060 |   9 |  635.8 |
       Dungeon |   5442 |   5200 |    242 |    122 |   3931 |   7 |  777.4 |
       Ossuary |    196 |    196 |      0 |      0 |     87 |   1 |  196.0 |
        Bailey |     84 |     84 |      0 |      0 |     41 |   1 |   84.0 |
               +--------+--------+--------+--------+--------+-----+--------+

Top non-repeatable levels by time:
     D:3: 1065 daAuts
     D:1: 979 daAuts
     D:5: 955 daAuts
     D:4: 905 daAuts
     D:2: 631 daAuts
     D:6: 575 daAuts
     D:7: 328 daAuts
 Ossuary: 196 daAuts
  Bailey: 84 daAuts
